 Dungeon Crawl Stone Soup version 0.30-a0-793-g160f7cfddd (webtiles) character file.

Game seed: 8821615261510561489

259 BubbleThief the Shield-Bearer (level 6, -1/48 HPs)
             Began as a Formicid Fighter on Feb 20, 2023.
             Killed from afar by an acid dragon (11 damage)
             ... with a splash of acid
             ... on level 5 of the Dungeon.
             The game lasted 00:03:38 (3248 turns).

BubbleThief the Shield-Bearer (Formicid Fighter)    Turns: 3248, Time: 00:03:39

Health: -1/48      AC:  8    Str: 23    XL:     6   Next: 40%
Magic:  6/6        EV:  9    Int:  7    God:
Gold:   231        SH:  5    Dex: 13    Spells: 5/5 levels left

rFire   . . .      SeeInvis +    a - +0 war axe
rCold   . . .      Faith    .    c - +0 buckler
rNeg    . . .      Spirit   .    b - +0 scale mail
rPois   .          Reflect  .    (helmet unavailable)
rElec   .          Harm     .    (no cloak)
rCorr   .          Rampage  .    n - +0 pair of gloves
Will    .....                    (no boots) Stlth
                                 (no amulet)
HPRegen 0.28/turn                (no ring)
MPRegen 0.10/turn                (no ring)

@: no status effects
A: permanent stasis, dig shafts and tunnels, antennae 3, four strong arms
a: Dig, Shaft Self


You were on level 5 of the Dungeon.
You visited 1 branch of the dungeon, and saw 5 of its levels.

You collected 231 gold pieces.

Inventory:

Hand Weapons
 a - a +0 war axe (weapon)
Armour
 b - a +0 scale mail (worn)
 c - a +0 buckler (worn)
 n - a +0 pair of gloves (worn)
Jewellery
 o - an amulet of magic regeneration
 t - a ring of protection from cold
 u - a +4 ring of protection
Scrolls
 h - 2 scrolls of teleportation {unknown}
 j - a scroll of fog {unknown}
 k - 2 scrolls of noise {unknown}
 l - 3 scrolls of enchant armour {unknown}
 m - 3 scrolls of identify {unknown}
 w - a scroll of poison {unknown}
 x - 2 scrolls of magic mapping {unknown}
 y - a scroll of butterflies {unknown}
Potions
 d - 5 potions of might
 e - 5 potions of curing {unknown}
 f - a potion of flight {unknown}
 g - a potion of heal wounds {unknown}
 i - 2 potions of berserk rage {unknown}
 p - a potion of magic {unknown}
 q - 2 potions of haste {unknown}
 r - a potion of mutation {unknown}
 s - a potion of cancellation {unknown}
 v - a potion of brilliance {unknown}


   Skills:
 - Level 4.0 Fighting
 + Level 5.0 Axes
 - Level 4.0 Armour
 - Level 5.0 Shields


You had 5 spell levels left.
You didn't know any spells.
Your spell library was empty.

Dungeon Overview and Level Annotations

Branches:
Dungeon (5/15)
 Temple: D:4-7

Altars:
Vehumet

Shops:
D:3 *

Annotations:
D:3 2 transporters, souper's ghost, weakling DsCj


Innate Abilities, Weirdness & Mutations

You cannot be hasted, slowed, berserked, paralysed or teleported.
You can dig through walls and to a lower floor.
You have a pair of large antennae on your head. (SInv)
Your four strong arms can wield two-handed weapons with a shield.


Message History

You slash the shadow imp!
You kill the shadow imp!
No target in view!
HP restored.
i - 2 fizzy purple potions (gained 1)
You now have 215 gold pieces (gained 13).
Found a stone staircase leading down.
There is a stone staircase leading down here.
You now have 231 gold pieces (gained 16).
y - a scroll labelled LORHOAG DOGI
Found 2 poisoned darts.
Found a stone staircase leading down.
There is a stone staircase leading down here.
You sense a monster nearby.
An acid dragon comes into view.
The acid dragon roars!
Found a glowing brown potion.
The acid dragon spits acid at you. The splash of acid misses you.
You completely miss the acid dragon. The acid dragon bites you!
The acid dragon claws you.
You slash the acid dragon!
The acid dragon is heavily wounded.
The acid dragon bites you!
The acid dragon claws you but does no damage.
You hit the acid dragon.
The acid dragon is heavily wounded.
The acid dragon barely misses you.
The acid dragon claws you but does no damage.
You closely miss the acid dragon.
The acid dragon is heavily wounded.
The acid dragon bites you. The acid dragon claws you.
The acid dragon bites you!
* * * LOW HITPOINT WARNING * * *
You block the acid dragon's attack.
You closely miss the acid dragon.
The acid dragon is heavily wounded.
The acid dragon spits acid at you. The splash of acid hits you!
You die...

#.#.. .#.......## #
....###.###.#.#.######
..#.# #..........# #
#.##.# #.#.#.####.# #
#. .# ##...## #
....#####.## #
..........# #
#########.######. #
#@......! # #D.######
#..# ## .... #######.
#.... ........ #.####
#######. ..# #< ..# #.
..


You could see an acid dragon (catching breath).

Vanquished Creatures
  An orc priest (D:4)
  2 iguanas (D:4)
  An orc wizard (D:4)
  A gnoll (D:1)
  A howler monkey skeleton (D:3)
  4 adders
  A shadow imp (D:5)
  An ufetubus (D:4)
  2 dart slugs
  2 worms (D:3)
  9 orcs
  6 bats
  9 endoplasms
  6 giant cockroaches
  7 goblins
  4 hobgoblins
  A quokka (D:3)
  4 ball pythons
  A ball python skeleton (D:3)
  3 frilled lizards (D:3)
  3 kobolds
  A quokka zombie (D:3)
  2 rats
72 creatures vanquished.

Vanquished Creatures (others)
  A withered plant (D:3)
1 creature vanquished.

Grand Total: 73 creatures vanquished

Notes
Turn   | Place    | Note
-------+----------+-------------------------------------------
     0 | D:1      | BubbleThief the Formicid Fighter began the quest for the
                  | Orb.
     0 | D:1      | Reached XP level 1. HP: 18/18 MP: 1/1
    73 | D:1      | Reached XP level 2. HP: 21/24 MP: 2/2
   148 | D:1      | Reached XP level 3. HP: 29/29 MP: 3/3
   979 | D:2      | Reached XP level 4. HP: 37/37 MP: 4/4
  1602 | D:3      | Found a transporter.
  1604 | D:3      | Identified the +6 dire flail of Trial by Ordeal {flame,
                  | Int+4}
  1604 | D:3      | Noticed an ogre
  1605 | D:3      | Noticed souper's ghost (weakling DsCj)
  1606 | D:3      | Found a transporter.
  1623 | D:3      | Reached skill level 5 in Shields
  1760 | D:3      | Found a radiant altar of Vehumet.
  1769 | D:3      | Reached XP level 5. HP: 40/42 MP: 5/5
  1825 | D:3      | Found Ishue's General Store.
  2439 | D:4      | Reached XP level 6. HP: 39/48 MP: 6/6
  2640 | D:4      | Reached skill level 5 in Axes
  2988 | D:5      | Entered Level 5 of the Dungeon
  3241 | D:5      | Noticed an acid dragon
  3248 | D:5      | Killed from afar by an acid dragon

Illustrated notes

Levels and vault maps discovered:
D:1:      amcnicky_arrival_blooded_trapdoor, layout_loops_cross
D:2:      layout_basic, amethyst_killhole
D:3:      layout_basic, nicolae_vehumet_radiance, gammafunk_ghost_smash,
          serial_undead, serial_undead_e, serial_undead_f, serial_undead_b,
          serial_undead_d, serial_undead_c, serial_undead_e, serial_shops,
          nicolae_shop_hallway_plus
D:4:      layout_loops_ring, nicolae_elevator_lobby_plus
D:5:      layout_loops_ring

Skill      XL: |  1  2  3  4  5  6 |
---------------+-------------------+-----
Fighting       | 4 |  4.0
Armour         | 4 |  4.0
Shields        | 5 |  5.0
Axes           | 4 5 |  5.0

Action                     |  1- 3 |  4- 6 || total
---------------------------+-------+-------++-------
  Melee: War axe           |    57 |   154 ||   211
 Armour: Scale mail        |    27 |    72 ||    99
  Dodge: Dodged            |    25 |    68 ||    93
  Block: Buckler           |    17 |    53 ||    70

Table legend: (Time is in decaauts)
 A = Elapsed time spent in this place.
 B = Non-inter-level travel time spent in this place.
 C = Inter-level travel time spent in this place.
 D = Time resting spent in this place.
 E = Time spent auto-exploring this place.
 F = Levels seen in this place.
 G = Mean time per level.
                   A        B        C        D        E       F      G
               +--------+--------+--------+--------+--------+-----+--------+
         Total |   3326 |   3220 |    106 |      0 |   2652 |   5 |  665.2 |
       Dungeon |   3326 |   3220 |    106 |      0 |   2652 |   5 |  665.2 |
               +--------+--------+--------+--------+--------+-----+--------+

Top non-repeatable levels by time:
     D:4: 855 daAuts
     D:3: 842 daAuts
     D:1: 712 daAuts
     D:2: 652 daAuts
     D:5: 263 daAuts
